AoeStats
← uugurr

Arena

505373215Analyzed
1v1 RM · 22d ago on Sep 9, 2026· 44m 5s· 2 players
Game mode
Random Map
Map size
Tiny (2 player)
Population
200
Speed
Normal
Resources
Standard
Victory
Conquest
Starting age
Dark Age
Ending age
Imperial Age
RankedLock teamsTeams togetherTeam positionsShared explorationLock speedFull tech treeHidden civsTurbo modeCheats
Victory
Defeat
🇨🇴 Bohemians · Colombia
846
+16
🇹🇷 Khmer · Türkiye
838
-16
uugurr
12:02 Feudal Age
16:03 Castle Age
14:07 Horse Collar
21:24 Fervor
22:55 Gold Mining
25:06 Gold Shaft Mining
24:18 Double-Bit Axe
25:18 Bow Saw
25:16 Heavy Plow
28:27 Imperial Age
27:26 Town Watch
27:58 Loom
29:48 Wheelbarrow
28:48 Pikeman
31:21 Hand Cart
32:53 Double Crossbow
34:55 Light Cavalry
36:32 Bloodlines
37:58 Heavy Scorpion
39:35 Husbandry
40:45 Halberdier
41:54 Hussar
cdorozco
8:58 Loom
11:39 Feudal Age
12:13 Double-Bit Axe
12:25 Horse Collar
18:09 Castle Age
17:03 Forging
20:29 Bow Saw
20:15 Fletching
23:01 Fervor
24:26 Bodkin Arrow
26:12 Wheelbarrow
28:13 Chemistry
27:34 Hand Cart
27:54 Husbandry
28:08 Scale Barding Armor
32:07 Imperial Age
30:34 Crossbowman
32:21 Scale Mail Armor
33:07 Siege Engineers
32:38 Pikeman
33:39 Bracer
33:39 Padded Archer Armor
35:25 Ballistics
36:37 Houfnice
37:56 Town Watch
38:30 Arbalester
41:25 Iron Casting
41:11 Chain Barding Armor
41:07 Leather Archer Armor
43:35 Blast Furnace
42:50 Chain Mail Armor
Connection lost

Rejoining the realm…

Still unreachable

The connection could not be restored.

Session expired

The server has moved on; the page needs a fresh start.